 Dungeon Crawl Stone Soup version 0.21.1-1-g345015f (webtiles) character file.

522 suicidejoker the Covert (level 7, 0/46 HPs)
             Began as an Octopode Assassin on Apr 13, 2018.
             Slain by an ogre
             ... wielding a +0 giant club
              (20 damage)
             ... on level 4 of the Dungeon.
             The game lasted 00:09:26 (2924 turns).

suicidejoker the Covert (Octopode Assassin)         Turns: 2924, Time: 00:09:27

Health: 0/46       AC:  1    Str: 16    XL:     7   Next: 22%
Magic:  10/10      EV: 14    Int: 14    God:
Gold:   121        SH:  0    Dex: 17    Spells: 11/11 levels left

rFire    . . .     SeeInvis .   a - +2 dagger
rCold    . . .     Gourm    .   (no shield)
rNeg     + . .     Faith    .   (helmet restricted)
rPois    .         Spirit   .   (no amulet)
rElec    .         Reflect  .   g - ring of positive energy
rCorr    .         Harm     .   r - +4 ring of strength
MR       .....                  w - +4 ring of dexterity (curse)
Stlth    +++++.....             (no ring)
HPRegen  0.15/turn              (no ring)
MPRegen  0.12/turn              (no ring)
                                (no ring)
                                (no ring)

@: hasted, very quick
A: almost no armour, stealthy swim, amphibious, 8 rings, constrict 8, camouflage
1, gelatinous body 1
a: no special abilities


You were on level 4 of the Dungeon.
You were not hungry.

You visited 1 branch of the dungeon, and saw 4 of its levels.

You collected 121 gold pieces.

Inventory:

Hand Weapons
 a - a +2 dagger (weapon)
 b - a +0 blowgun
 e - a +3 mace
 m - a +1 scimitar of draining
 q - a cursed +4 long sword of freezing
 s - a +0 hand axe of venom
Missiles
 c - 33 poisoned needles
 d - 2 curare-tipped needles
 l - 77 stones (quivered)
Jewellery
 g - a ring of positive energy (left tentacle)
 r - a +4 ring of strength (right tentacle)
 w - a cursed +4 ring of dexterity (on tentacle)
Scrolls
 i - a scroll of fear {unknown}
 j - 4 scrolls of identify {unknown}
 k - 2 scrolls of enchant armour {unknown}
 n - a scroll of teleportation {unknown}
 o - 4 scrolls of amnesia
 t - a scroll of blinking {unknown}
Potions
 p - 2 potions of might {unknown}
Comestibles
 f - 9 rations
 u - 9 chunks of flesh


   Skills:
 + Level 3.4 Fighting
 + Level 3.4 Short Blades
 - Level 2.0 Throwing
 + Level 2.9 Dodging
 * Level 8.2 Stealth
 + Level 2.5 Spellcasting


You had 11 spell levels left.
You didn't know any spells.

Dungeon Overview and Level Annotations

Branches:
Dungeon (4/15)
 Temple: D:4-7

Altars:
Fedhas
Vehumet

Annotations:
D:3 Beaver's ghost, amateur DsFi


Innate Abilities, Weirdness & Mutations

You cannot wear most types of armour.
You are very stealthy in the water. (Stealth+)
You are amphibious.
You can wear up to eight rings at the same time.
You can use your tentacles to constrict eight enemies at once.
Your skin changes colour to match your surroundings (Stealth+).
Your rubbery body absorbs attacks. (AC +1, EV +1)


Message History

There is an open door here.
An ogre comes into view. It is wielding a giant club.
Found a wooden wand.
Found a ration.
The ogre shouts!
The ogre hits you with a giant club!
Found a stone staircase leading up.
You barely miss the ogre. You squeeze the ogre.
The ogre is lightly wounded.
You hit the ogre.
The ogre is lightly wounded.
The ogre closely misses you.
You barely miss the ogre.
The ogre is lightly wounded.
You hit the ogre. Your squeeze misses the ogre.
The ogre is moderately wounded.
The ogre hits you with a giant club!!
It was a potion of haste.
You feel yourself speed up. The ogre hits you with a giant club!!
You die...

#.# #..... #.#..
+.....
#.#.####....
#.#.#.....######.
#.#.##../.......<
#.#.##...........
#.#.##...........
#.#..........#
#.......#@####
#######.#O# #.#..
#.###% #.# .# #.#
# #.#


You could see an ogre.

Vanquished Creatures
  2 ogres (D:4)
  4 wights (D:2)
  A worker ant (D:4)
  Robin (D:2)
  5 adders
  3 gnolls (D:2)
  2 oozes
  A worm (D:2)
  A dart slug (D:2)
  4 leopard geckos
  An orc (D:4)
  7 bats
  4 giant cockroaches
  10 goblins
  7 hobgoblins
  5 kobolds
  3 frilled lizards
  5 rats
66 creatures vanquished.

Notes
Turn   | Place    | Note
-------+----------+-------------------------------------------
     0 | D:1      | suicidejoker the Octopode Assassin began the quest for the Orb.
     0 | D:1      | Reached XP level 1. HP: 14/14 MP: 1/1
   115 | D:1      | Reached XP level 2. HP: 14/19 MP: 2/2
   682 | D:2      | Found a blossoming altar of Fedhas.
   755 | D:2      | Reached XP level 3. HP: 18/24 MP: 3/3
   826 | D:2      | Reached skill level 6 in Stealth
   826 | D:2      | Reached skill level 1 in Spellcasting
   826 | D:2      | Reached XP level 4. HP: 18/30 MP: 5/5
   995 | D:2      | HP: 1/30 [wight/short sword (8)]
  1364 | D:2      | Noticed Robin
  1373 | D:2      | Killed Robin
  1394 | D:2      | Reached XP level 5. HP: 17/35 MP: 7/7
  1576 | D:2      | Found a radiant altar of Vehumet.
  1966 | D:2      | Reached skill level 7 in Stealth
  1972 | D:2      | Reached XP level 6. HP: 19/42 MP: 7/9
  2348 | D:3      | Noticed Beaver's ghost (amateur DsFi)
  2875 | D:4      | Reached skill level 8 in Stealth
  2875 | D:4      | Reached XP level 7. HP: 46/46 MP: 10/10
  2924 | D:4      | Slain by an ogre

Skill      XL: |  1  2  3  4  5  6 |
---------------+-------------------+-----
Stealth        | 6 7 8 |  8.2
Spellcasting   | 1 2 |  2.5
Dodging        | 2 |  2.9
Fighting       | 3 |  3.4
Short Blades   | 3 |  3.4
Throwing       | |  2.0

Action                   |  1- 3 |  4- 6 |  7- 9 || total
-------------------------+-------+-------+-------++-------
Melee: Dagger            |    34 |    75 |    12 ||   121
       Constrict         |     9 |    16 |       ||    25
       Tentacles         |     6 |    17 |     4 ||    27
Throw: Stone             |       |     2 |       ||     2
Evoke: Wand              |       |    24 |       ||    24
  Use: Potion            |       |     5 |     1 ||     6
       Scroll            |       |     1 |       ||     1
 Stab: Sleeping          |     5 |    11 |       ||    16
  Eat: Chunk             |       |     5 |     1 ||     6
Armor: Skin              |     1 |     5 |       ||     6
Dodge: Dodged            |    16 |    48 |     5 ||    69
